 Dungeon Crawl Stone Soup version 0.19.4-8-ga85b6b9 (webtiles) character file.

381 Naksu the Slasher (level 6, 0/84 HPs)
             Began as a Minotaur Berserker on Feb 6, 2017.
             Was a Priest of Trog.
             Incinerated by emsyzz's ghost (3 damage)
             ... with a sticky flame
             ... on level 4 of the Dungeon.
             The game lasted 00:08:47 (1671 turns).

Naksu the Slasher (Minotaur Berserker)              Turns: 1671, Time: 00:08:48

Health: 0/84       AC: 23    Str: 23    XL:     6   Next: 46%
Magic:  5/5        EV:  2    Int:  4    God:    Trog [***...]
Gold:   136        SH:  8    Dex: 10    Spells: 0 memorised, 5 levels left

rFire  . . .     SeeInvis .     a - +1 falchion
rCold  . . .     Gourm    .     (armour currently unavailable)
rNeg   + + +     Faith    .     n - +0 shield
rPois  +         Spirit   .     (helmet currently unavailable)
rElec  .         Reflect  .     (cloak currently unavailable)
rCorr  .         Harm     .     (gloves currently unavailable)
MR     .....     NoTele   +     (boots currently unavailable)
Stlth  +.........               (no amulet)
                                (no ring)
                                (no ring)

@: lethally poisoned (0 -> -1), liquid flames, tree-form (expiring), very
slightly contaminated, starving, hasted, glowing, very quick
A: (retaliatory headbutt), (horns 0)
a: Berserk, Trog's Hand, Burn Spellbooks, Renounce Religion


You were on level 4 of the Dungeon.
You worshipped Trog.
Trog was most pleased with you.
You were starving.
You were a tree.
You visited 1 branch of the dungeon, and saw 4 of its levels.

You collected 136 gold pieces.

Inventory:

Hand Weapons
 a - a +1 falchion (weapon)
 y - a +0 short sword
Armour
 b - a +0 animal skin
 d - a +0 cloak
 h - a +0 cloak (melded)
 i - a +0 leather armour (melded)
 n - a +0 shield (worn)
 q - a +0 cloak
 z - a +1 robe
Jewellery
 D - a +3 amulet of reflection {unknown}
Wands
 p - a wand of flame (25/48)
 w - a wand of random effects (7/48)
 x - a wand of polymorph (8/24)
Scrolls
 g - a scroll of enchant weapon
 l - 2 scrolls of teleportation
 m - 4 scrolls of remove curse
 r - a scroll of random uselessness {unknown}
 A - a scroll of recharging {unknown}
 B - a scroll of identify
Potions
 e - 2 potions of flight {unknown}
 s - a potion of berserk rage {unknown}
 u - a potion of degeneration {unknown}
 v - a potion of curing {unknown}
 C - a potion of brilliance {unknown}
Comestibles
 c - 4 bread rations
 f - a royal jelly
 j - a slice of pizza
 o - a meat ration


   Skills:
 + Level 5.1 Fighting
 + Level 6.8 Long Blades
 + Level 3.2 Armour
 + Level 3.4 Dodging
 + Level 0.3 Stealth
 + Level 1.3 Shields


You had 5 spell levels left.
You didn't know any spells.

Dungeon Overview and Level Annotations

Branches:
Dungeon (4/15)             Temple (0/1) D:4

Altars:
Kikubaaqudgha

Annotations:
D:4 emsyzz's ghost, novice DEFE


Innate Abilities, Weirdness & Mutations

((You reflexively headbutt those who attack you in melee.))
((You have a pair of horns on your head.))


Message History

You miss emsyzz's ghost.
Emsyzz's ghost is lightly damaged.
You are covered in liquid flames!
* * * LOW HITPOINT WARNING * * *
You closely miss emsyzz's ghost.
Emsyzz's ghost is lightly damaged.
You are covered in liquid flames!
* * * LOW HITPOINT WARNING * * *
You block emsyzz's ghost's attack.
You hit emsyzz's ghost but do no damage.
Emsyzz's ghost is lightly damaged.
You are covered in liquid flames!
* * * LOW HITPOINT WARNING * * *
Emsyzz's ghost hits you but does no damage.
You are electrocuted!
* * * LOW HITPOINT WARNING * * *
You hit emsyzz's ghost.
Emsyzz's ghost is moderately damaged.
You are covered in liquid flames!
You die...

#.............. #..............
########.............
##.....##.............
#.............).......
#...............##..## ########
##..............###+# ...##..##
#.....##...........# ........#
##...♣.##...........# ........#
#...W..#............#
##.##..##..#......#............#
##.##'###..#......#........##..#
#......#...#......#........##..##
'..(...#...#......#..............
#......#...#......#..............
####'####..##.....##............#
####.[.##..##.....##............#


You could see emsyzz's ghost.

Vanquished Creatures
  Duvessa (D:4)
  Dowan (D:4)
  Natasha (thrice) (D:3)
  A worker ant (D:4)
  3 adders
  2 oozes
  3 worms
  3 dart slugs
  3 leopard geckos
  5 orcs (D:4)
  2 ball pythons
  10 bats
  2 giant cockroaches
  7 goblins
  6 hobgoblins
  6 jackals
  2 frilled lizards
  6 kobolds
  7 rats
73 creatures vanquished.

Notes
Turn   | Place    | Note
-------+----------+-------------------------------------------
     0 | D:1      | Naksu the Minotaur Berserker began the quest for the Orb.
     0 | D:1      | Reached XP level 1. HP: 19/19 MP: 0/0
    70 | D:1      | Reached XP level 2. HP: 24/27 MP: 1/1
   155 | D:1      | Reached skill level 4 in Long Blades
   501 | D:2      | Reached XP level 3. HP: 17/33 MP: 2/2
   543 | D:2      | Reached ** piety under Trog
   664 | D:2      | Reached XP level 4. HP: 41/41 MP: 3/3
   958 | D:2      | Reached skill level 5 in Long Blades
  1006 | D:3      | Found an ancient bone altar of Kikubaaqudgha.
  1048 | D:3      | Noticed Natasha
  1067 | D:3      | Killed Natasha
  1081 | D:3      | Noticed Natasha
  1085 | D:3      | Killed Natasha
  1085 | D:3      | Reached XP level 5. HP: 36/47 MP: 4/4
  1197 | D:3      | Found a faded altar of an unknown god.
  1261 | D:3      | Noticed Natasha
  1268 | D:3      | Killed Natasha
  1268 | D:3      | Reached *** piety under Trog
  1268 | D:3      | Reached skill level 5 in Fighting
  1464 | D:4      | Reached skill level 6 in Long Blades
  1480 | D:4      | Noticed Duvessa
  1482 | D:4      | Noticed Dowan
  1550 | D:4      | Killed Duvessa
  1550 | D:4      | Reached skill level 1 in Shields
  1550 | D:4      | Reached XP level 6. HP: 56/56 MP: 5/5
  1554 | D:4      | Killed Dowan
  1613 | D:4      | Found a staircase to the Ecumenical Temple.
  1648 | D:4      | Noticed emsyzz's ghost (novice DEFE)
  1670 | D:4      | HP: 3/84 [emsyzz's ghost (18)]
  1671 | D:4      | Incinerated by emsyzz's ghost

Skill      XL: |  1  2  3  4  5 |
---------------+----------------+-----
Fighting       | 4 5 |  5.1
Long Blades    | 4 5 6 |  6.8
Armour         | 3 |  3.2
Dodging        | 3 |  3.4
Shields        | 1 |  1.3
Stealth        | |  0.3

Action                   |  1- 3 |  4- 6 || total
-------------------------+-------+-------++-------
Melee: Falchion          |    72 |   115 ||   187
       Headbutt          |     7 |    22 ||    29
Invok: Burn Spellbooks   |       |     1 ||     1
       Berserk           |       |     1 ||     1
       Trog's Hand       |       |     1 ||     1
Evoke: Wand              |       |     4 ||     4
  Use: Potion            |     1 |     2 ||     3
       Scroll            |       |     5 ||     5
  Eat: Chunk             |       |     2 ||     2
Armor: Animal skin       |     6 |       ||     6
       Leather armour    |    19 |    27 ||    46
       Skin              |       |     9 ||     9
Dodge: Dodged            |    55 |    48 ||   103
Block: Shield            |       |    28 ||    28
       Rpst.: Falchion   |    14 |     5 ||    19
